 Dungeon Crawl Stone Soup version 0.26.0-45-g9c1d065592 (webtiles) character file.

Game seed: 9275298725466124109

190 sahdkjhfkaj the Digger (level 5, -2/28 HPs)
             Began as a Deep Elf Earth Elementalist on Jan 27, 2021.
             Slain by a hound (5 damage)
             ... on level 3 of the Dungeon.
             The game lasted 00:04:59 (4460 turns).

sahdkjhfkaj the Digger (DEEE)                       Turns: 4460, Time: 00:05:00

Health: -2/28      AC:  2    Str: 11    XL:     5   Next: 41%
Magic:  4/13       EV: 13    Int: 21    God:
Gold:   147        SH:  0    Dex: 15    Spells: 4/12 levels left

rFire    . . .     SeeInvis .   a - +1 dagger (speed)
rCold    . . .     Faith    .   (no shield)
rNeg     . . .     Spirit   .   c - +0 robe
rPois    .         Reflect  .   (no helmet)
rElec    .         Harm     .   (no cloak)
rCorr    .         Rampage  .   (no gloves)
Will     .....                  (no boots)
Stlth    +++.......             (no amulet)
HPRegen  0.09/turn              j - +6 ring of strength
MPRegen  0.13/turn              (no ring)

@: lethally poisoned (-2 -> -12)
A: no striking features
a: no special abilities


You were on level 3 of the Dungeon.
You visited 1 branch of the dungeon, and saw 4 of its levels.

You collected 147 gold pieces.

Inventory:

Hand Weapons
 a - a +1 dagger of speed (weapon)
Missiles
 b - 116 stones
Armour
 c - a +0 robe (worn)
Jewellery
 j - a +6 ring of strength (left hand)
 p - an uncursed ring of magical power {unknown}
Scrolls
 d - a scroll of magic mapping {unknown}
 e - 2 scrolls of amnesia {unknown}
 h - 2 scrolls of teleportation {unknown}
 i - 2 scrolls of remove curse {unknown}
 o - a scroll of immolation {unknown}
Potions
 f - 2 potions of might {unknown}
 g - a potion of resistance
 k - 2 potions of curing
 l - 2 potions of heal wounds {unknown}
 m - a potion of ambrosia {unknown}
 n - a potion of haste {unknown}


   Skills:
 - Level 2.4 Dodging
 - Level 4.0 Stealth
 - Level 4.0 Spellcasting
 - Level 1.1 Transmutations
 + Level 5.8 Earth Magic


You had 4 spell levels left.
You knew the following spells:

 Your Spells              Type           Power        Failure   Level
a - Sandblast             Erth           56%          1%          1
c - Petrify               Tmut/Erth      18%          28%         4
x - Stone Arrow           Conj/Erth      32%          11%         3

Your spell library contained the following spells:

 Spells                   Type           Power        Failure   Level
 Passwall                 Tmut/Erth      15%          4%          2
 Lee's Rapid Deconstruct  Erth           14%          30%         5


Dungeon Overview and Level Annotations

Branches:
Dungeon (4/15)
 Temple: D:4-7

Altars:
Okawaru
Trog


Message History

The hound barely misses you. The hound barely misses you.
Your magical contamination has completely faded away.
The hound misses you.
The hound stops to sniff the ground.
The hound bites you.
The hound stops to sniff the ground.
The hound pauses to sniff the ground.
The hound bites you. The hound bites you. The hound bites you.
There is a stone staircase leading up here.
The hound bites you.
You climb upwards.
There is a stone staircase leading down here.
The worker ant bites you.
* * * LOW HITPOINT WARNING * * *
You are lethally poisoned!
The worker ant poisons you! The hound bites you.
You die...

##### ###### #...#
#....# #.#.#
#....##########B#.#
'....'.........h@.#
#....####.###...###
<###......# #.###
###.......# #.#
###.......# #.#
.##.......# #.#
o##.......###.#
.##.###.......#
.##.# ###.#####


You could see a hound and a worker ant.

Vanquished Creatures
  An orc priest (D:3)
  A hound (D:4)
  5 adders
  A worm (D:2)
  4 dart slugs
  4 orcs
  3 giant cockroaches
  9 goblins
  8 hobgoblins
  2 jackals (D:1)
  6 kobolds
  2 quokkas (D:2)
  2 ball pythons
  6 bats
  8 frilled lizards
  13 rats
75 creatures vanquished.

Notes
Turn   | Place    | Note
-------+----------+-------------------------------------------
     0 | D:1      | sahdkjhfkaj the Deep Elf Earth Elementalist began the quest
                  | for the Orb.
     0 | D:1      | Reached XP level 1. HP: 10/10 MP: 6/6
   232 | D:1      | Reached XP level 2. HP: 15/15 MP: 5/8
   331 | D:1      | Reached skill level 4 in Earth Magic
   939 | D:2      | Reached XP level 3. HP: 19/19 MP: 4/9
   948 | D:2      | Learned a level 3 spell: Stone Arrow
  1789 | D:2      | Reached XP level 4. HP: 24/24 MP: 6/10
  1909 | D:2      | Reached skill level 5 in Earth Magic
  3392 | D:3      | Reached XP level 5. HP: 12/28 MP: 0/13
  3397 | D:3      | Learned a level 4 spell: Petrify
  3982 | D:3      | Found an iron altar of Okawaru.
  4105 | D:3      | Found a bloodstained altar of Trog.
  4460 | D:3      | Slain by a hound

Illustrated notes

Levels and vault maps discovered:
D:1:      giann_bridges, layout_basic
D:2:      layout_basic
D:3:      layout_basic, kennysheep_okawaru_gauntlet, trog_book
D:4:      layout_basic, minmay_temple_entry_hall, chequers_serial_rivers_small_3

Skill      XL: |  1  2  3  4 |
---------------+-------------+-----
Stealth        | 3 4 |  4.0
Earth Magic    | 4 5 |  5.8
Spellcasting   | 4 |  4.0
Dodging        | |  2.4
Transmutations | |  1.1

Action                   |  1- 3 |  4- 6 || total
-------------------------+-------+-------++-------
Melee: Unarmed           |    27 |       ||    27
       Dagger            |    28 |     9 ||    37
 Cast: Sandblast         |    29 |     4 ||    33
       Stone Arrow       |    18 |    37 ||    55
  Use: Scroll            |     2 |       ||     2
 Stab: Sleeping          |     1 |       ||     1
Armor: Robe              |     5 |     1 ||     6
Dodge: Dodged            |    33 |    14 ||    47
